 Dungeon Crawl Stone Soup version 0.31.0-12-g77e489cdc1 (webtiles) character file.

Game seed: 8868865877805630972

6468 harryby the Carver (level 10, -11/90 HPs)
             Began as a Green Draconian Artificer on Feb 19, 2024.
             Was an Initiate of Gozag.
             Mangled by Wollwoll's ghost (13 damage)
             ... on level 9 of the Dungeon on Feb 20, 2024.
             The game lasted 00:49:26 (7752 turns).

harryby the Carver (Green Draconian Artificer)      Turns: 7752, Time: 00:49:27

Health: -11/90     AC: 10    Str: 16    XL:     10   Next: 68%
Magic:  1/10       EV: 14    Int: 13    God:    Gozag
Gold:   1565       SH:  0    Dex: 13    Spells: 9/9 levels left

rFire   . . .        t - +1 falchion (protect)
rCold   . . .        (no shield)
rNeg    . . .        (body armour unavailable)
rPois   +            (helmet restricted)
rElec   .            w - scarf {+Inv}
rCorr   .            o - +0 pair of gloves
SInv    .            k - +1 pair of boots
Will    +....        J - amulet of regeneration
Stlth   +++          C - ring of willpower
HPRegen 1.15/turn    (no ring)
MPRegen 0.12/turn

%: no passive effects
@: about to teleport, fragile (+50% incoming damage)
A: breathe noxious fumes, AC +7, unfitting armour, poison resistance,
cold-blooded
a: Breathe Noxious Fumes, Renounce Religion, Evoke Invisibility, Potion
Petition, Call Merchant, Bribe Branch


You were on level 9 of the Dungeon.
You worshipped Gozag.
Gozag was most pleased with you.
You visited 2 branches of the dungeon, and saw 10 of its levels.

You collected 1968 gold pieces.
You spent 105 gold pieces at shops.
You paid 298 gold pieces to Gozag.

Inventory:

Hand Weapons
 a - a +0 club
 l - a +0 dagger
 p - a +0 short sword
 t - a +1 falchion of protection (weapon)
 u - a +2 heavy spear
 y - the +1 short sword of Qugel Woppi {distort, rPois Will- Dex+2}
   (You found it on level 5 of the Dungeon)

   Dex+2:     It affects your dexterity (+2).
   rPois:     It protects you from poison Will-: It decreases your willpower.
Missiles
 h - 52 stones
 r - a throwing net
Armour
 k - a +1 pair of boots (worn)
 o - a +0 pair of gloves (worn)
 w - a scarf of invisibility (worn)
Jewellery
 C - a ring of willpower (left hand)
 J - an amulet of regeneration (around neck)
 K - a +6 ring of intelligence
Talismans
 n - a serpent talisman
Wands
 b - a wand of paralysis (15) (quivered)
 c - a wand of charming (10)
 d - a wand of flame (12)
 G - a wand of roots (12)
Scrolls
 f - 3 scrolls of teleportation
 i - 4 scrolls of torment {unknown}
 j - 2 scrolls of brand weapon {unknown}
 m - 2 scrolls of enchant weapon {unknown}
 s - 3 scrolls of amnesia {unknown}
 v - 4 scrolls of identify {unknown}
 x - a scroll of vulnerability {unknown}
 z - a scroll of enchant armour
 A - 3 scrolls of revelation {unknown}
 B - 3 scrolls of fear {unknown}
 H - a scroll of immolation {unknown}
Potions
 g - 3 potions of curing
 q - a potion of cancellation {unknown}
 D - 3 potions of berserk rage {unknown}
 E - a potion of degeneration {unknown}
 F - a potion of attraction {unknown}
 I - 2 potions of enlightenment {unknown}


   Skills:
 * Level 8.9 Fighting
 - Level 0.1(9.5) Short Blades
 * Level 14.7 Long Blades
 - Level 0.1 Maces & Flails
 + Level 6.1 Dodging
 + Level 4.4 Stealth
 + Level 4.5 Evocations


You had 9 spell levels left.
You didn't know any spells.
Your spell library contained the following spells:

 Spells                   Type           Power      Damage    Failure   Level
 Slow                     Hex            0%         N/A       30%         1
 Sting                    Conj/Alch      0%         1d3       30%         1
 Lesser Beckoning         Tloc           0%         N/A       43%         2
 Mercury Vapours          Alch/Air       0%         N/A       43%         2
 Confusing Touch          Hex            0%         N/A       67%         3
 Gell's Gravitas          Tloc           0%         N/A       67%         3
 Sigil of Binding         Hex            0%         N/A       67%         3
 Teleport Other           Tloc           0%         N/A       67%         3
 Vampiric Draining        Necr           0%         2d6       67%         3
 Olgreb's Toxic Radiance  Alch           0%         N/A       97%         4
 Summon Lightning Spire   Summ/Air       0%         N/A       97%         4
 Lee's Rapid Deconstruct  Erth           0%         3d4*      100%        5
 Haunt                    Necr/Summ      0%         N/A       100%        7
 Borgnjor's Revivificati  Necr           0%         N/A       100%        8
 Death's Door             Necr           0%         N/A       100%        9
 Animate Armour           Summ/Erth      Unusable   N/A       N/A         4

Dungeon Overview and Level Annotations

Branches:
Dungeon (9/15)             Temple (1/1) D:5
   Lair: D:8-11         Orc: D:9-12

Altars:
Ashenzari
Cheibriados
Dithmenos
Elyvilon
Fedhas
Gozag
Hepliaklqana
Kikubaaqudgha
Makhleb
Nemelex Xobeh
Okawaru
Qazlal
Ru
Sif Muna
Trog
Uskayaw
Vehumet
Wu Jian
Xom
Yredelemnul
Zin
The Shining One

Shops:
D:2 (   D:4 ?

Portals:
Abyss: D:5

Annotations:
D:9 Wollwoll's ghost, journeyman FeNe


Innate Abilities, Weirdness & Mutations

You can breathe blasts of noxious fumes.
Your lurid green scales are hard. (AC +7)
You cannot fit into any form of body armour.
Your system is resistant to poisons. (rPois)
You are cold-blooded and may be slowed by cold attacks.


Message History

Wollwoll's ghost turns its malevolent gaze towards you.
Wollwoll's ghost takes a fighting stance.
Aiming: Paralyse
Press: ? - help, Q - select action, (/) - cycle Shift-Dir - straight line
Okay, then.
You open the door. The +0 scimitar of chaos hits you.
You are poisoned.
You closely miss the +0 scimitar of chaos.
You feel sick. The +0 scimitar of chaos hits you!
The +0 scimitar of chaos burns you.
You miss the +0 scimitar of chaos.
You feel sick.
The +0 scimitar of chaos completely misses you.
You hit the +0 scimitar of chaos but do no damage.
Your weapon exudes an aura of protection.
Your tail-slap misses the +0 scimitar of chaos.
You feel sick. The +0 scimitar of chaos hits you!
Wollwoll's ghost whispers, "Death is liberation."
Aiming: Paralyse
Press: ? - help, Q - select action, (/) - cycle Shift-Dir - straight line, f - +0 scimitar of chaos
Aim: a +0 scimitar of chaos (infinite will)
The +0 scimitar of chaos is unaffected.
You feel sick. The +0 scimitar of chaos hits you!!
You feel sick.
The +0 scimitar of chaos closely misses you.
You feel sick. The +0 scimitar of chaos hits you!
* * * LOW HITPOINT WARNING * * *
You feel your power leaking away.
You feel much better.
You feel sick.
The +0 scimitar of chaos completely misses you.
You feel better. The +0 scimitar of chaos hits you!!
* * * LOW HITPOINT WARNING * * *
The +0 scimitar of chaos burns you!
* * * LOW HITPOINT WARNING * * *
The +0 scimitar of chaos hits you!
* * * LOW HITPOINT WARNING * * *
Your body becomes as fragile as glass!
As you read the scroll of teleportation, it crumbles to dust.
You feel strangely unstable. Wollwoll's ghost hits you!
You die...
Your body crumbles into a pile of gold.

######..........................
.....##'############........)...
...................#............
...................#.....######.
########...........#.....# .
#...........#.....#
#...........#.....#
#...........#<....#
#.......@(.###....#
...........W.#.##...#
#####........'_.##.....
#........#$## ..... #######..###
..... ..... .... ....... ...
.......... ...........


You could see a +0 scimitar of chaos and Wollwoll's ghost.

Vanquished Creatures
  2 two-headed ogres
  Pikel (D:7)
  An unseen horror zombie (D:8)
  The ghost of ShellytheWitch the Sneak, an amateur KoBr of Dithmenos (D:5)
  A wyvern (D:8)
  6 yaks (D:6)
  Menkaure (D:7)
  A steam dragon (D:8)
  3 water moccasins
  An orc warrior (D:8)
  An ice beast (D:4)
  A sky beast (D:6)
  A black bear (D:5)
  2 centaurs
  3 lemures (D:7)
  4 phantoms
  2 kobold brigands
  2 bullfrogs (D:7)
  7 scorpions
  3 necrophages (D:8)
  A small abomination (D:5)
  4 wights (D:7)
  6 killer bees (D:7)
  A bombardier beetle (D:6)
  A centaur zombie (D:8)
  2 hounds
  3 orc priests (D:6)
  4 iguanas
  5 orc wizards
  A killer bee zombie (D:8)
  A howler monkey zombie (D:8)
  3 adders
  3 shadow imps
  2 white imps (D:5)
  4 ufetubi (D:6)
  A ribbon worm (D:2)
  17 orcs
  8 bats
  9 endoplasms
  13 giant cockroaches
  2 goblins
  11 hobgoblins
  4 jackals (D:5)
  2 quokkas
  5 ball pythons
  2 frilled lizards
  7 kobolds
  3 rats (D:1)
169 creatures vanquished.

Vanquished Creatures (collateral kills)
  3 killer bees (D:7)
  An orc (D:4)
4 creatures vanquished.

Vanquished Creatures (others)
  An orc priest (D:4)
  An orc (D:4)
  A giant cockroach (D:2)
3 creatures vanquished.

Grand Total: 176 creatures vanquished

Notes
Turn   | Place    | Note
-------+----------+-------------------------------------------
     0 | D:1      | harryby the Draconian Artificer began the quest for the
                  | Orb.
     0 | D:1      | Reached XP level 1. HP: 16/16 MP: 1/1
   207 | D:1      | Reached XP level 2. HP: 16/23 MP: 2/2
   609 | D:2      | Reached XP level 3. HP: 28/28 MP: 3/3
   738 | D:2      | Reached skill level 1 in Stealth
   997 | D:2      | Reached skill level 1 in Long Blades
  1139 | D:2      | Reached XP level 4. HP: 36/36 MP: 4/4
  1150 | D:2      | Found Ynahom's Weapon Boutique.
  1397 | D:3      | Found a shimmering altar of Xom.
  1424 | D:3      | Reached skill level 2 in Long Blades
  1768 | D:4      | Noticed an ice beast
  1818 | D:4      | Killed an ice beast
  1819 | D:4      | Reached skill level 3 in Long Blades
  1819 | D:4      | Reached XP level 5. HP: 41/41 MP: 5/5
  1967 | D:4      | Found an ancient bone altar of Kikubaaqudgha.
  2164 | D:4      | Found Ofrump's Magic Scroll Shop.
  2168 | D:4      | Bought a scroll of enchant armour for 105 gold pieces
  2187 | D:4      | Identified a scroll of acquirement
  2187 | D:4      | Acquired 871 gold pieces
  2203 | D:4      | Reached skill level 4 in Long Blades
  2203 | D:4      | Reached XP level 6. HP: 38/50 MP: 6/6
  2480 | D:5      | Entered Level 5 of the Dungeon
  2517 | D:5      | Found a transporter.
  2545 | D:5      | Identified the +1 short sword of Qugel Woppi {distort,
                  | rPois Will- Dex+2}
  2563 | D:5      | Acquired a manual of Long Blades
  2612 | D:5      | Reached skill level 5 in Long Blades
  2638 | D:5      | Your scales start taking on a lurid green colour.
  2638 | D:5      | Reached XP level 7. HP: 50/57 MP: 7/7
  2638 | D:5      | Gained mutation: Your system is resistant to poisons.
                  | (rPois) [Green Draconian growth]
  2647 | D:5      | Reached skill level 6 in Long Blades
  2771 | D:5      | Found a one-way gate to the infinite horrors of the Abyss.
  2788 | D:5      | Noticed ShellytheWitch's ghost (amateur KoBr)
  2831 | D:5      | Found a transporter.
  2863 | D:5      | Reached skill level 7 in Long Blades
  3007 | D:5      | Found a staircase to the Ecumenical Temple.
  3017 | Temple   | Entered the Ecumenical Temple
  3112 | Temple   | Became a worshipper of Gozag Ym Sagoz the Greedy
  3419 | D:5      | Reached skill level 8 in Long Blades
  3455 | D:5      | Reached XP level 8. HP: 45/66 MP: 8/8
  3593 | D:5      | Killed ShellytheWitch's ghost
  3594 | D:5      | Reached skill level 9 in Long Blades
  4210 | D:6      | Reached skill level 10 in Long Blades
  4241 | D:6      | Reached skill level 5 in Fighting
  4254 | D:6      | Reached skill level 11 in Long Blades
  4268 | D:6      | Reached XP level 9. HP: 21/74 MP: 9/9
  4674 | D:6      | Reached skill level 12 in Long Blades
  5348 | D:7      | Identified the +5 ring mail of Prudence {rCorr Str+2}
  5388 | D:7      | Reached skill level 5 in Dodging
  5667 | D:7      | Noticed Pikel
  5668 | D:7      | Noticed Menkaure
  5724 | D:7      | Reached skill level 13 in Long Blades
  5725 | D:7      | Killed Menkaure
  6056 | D:7      | Killed Pikel
  6095 | D:7      | Reached XP level 10. HP: 68/86 MP: 10/10
  6141 | D:7      | Found a hazy altar of Hepliaklqana.
  6143 | D:7      | Found a burning altar of Makhleb.
  6730 | D:8      | Reached skill level 14 in Long Blades
  6769 | D:8      | Noticed a two-headed ogre
  6787 | D:8      | Killed a two-headed ogre
  6890 | D:8      | Found a blossoming altar of Fedhas.
  7475 | D:8      | Found a basalt altar of Yredelemnul.
  7702 | D:9      | Noticed a two-headed ogre
  7715 | D:9      | Killed a two-headed ogre
  7736 | D:9      | Found a runed translucent door.
  7737 | D:9      | Found a shimmering altar of Xom.
  7737 | D:9      | Noticed Wollwoll's ghost (journeyman FeNe)
  7737 | D:9      | Noticed a +0 scimitar of chaos
  7751 | D:9      | HP: 1/90 [+0 scimitar of chaos (13)]
  7752 | D:9      | Mangled by Wollwoll's ghost

Illustrated notes

Levels and vault maps discovered:
D:1:      shiori_arrival_oz, layout_loops_ring, st_stairs_9
D:2:      minmay_roachtagon, layout_loops_cross, serial_shops, shop
D:3:      layout_basic, mainiacjoe_overflow_concentric_impassable,
          minmay_distorted
D:4:      layout_basic, kiku_gazebo_pond_becter, portal_sewer_entry_e,
          serial_shops, nicolae_shop_rolled_up
D:5:      layout_layer_cave, minmay_temple_entry_statues_pillars,
          gammafunk_ghost_abyssal_escape
D:6:      layout_cave_pods
D:7:      layout_basic, mainiacjoe_overflow_catwalk_spiral,
          minmay_misc_feat_cross, uniq_menkaure, uniq_pikel
D:8:      layout_loops_corners, mainiacjoe_overflow_alcove_2,
          fedhas_altar_decomposition
D:9:      layout_irregular_city, ebering_ghost_xom
Temple:   eino_temple_scatter_basement

Skill      XL: |  1  2  3  4  5  6  7  8  9 10 |
---------------+-------------------------------+-----
Evocations     | 4 |  4.5
Stealth        | 1 2 3 4 |  4.4
Long Blades    | 1 3 4 5 8 11 13 14 | 14.7
Fighting       | 2 3 5 7 8 |  8.9
Dodging        | 3 4 5 6 |  6.1
Short Blades   | |  0.1
Maces & Flails | |  0.1

Action                     |  1- 3 |  4- 6 |  7- 9 | 10-12 || total
---------------------------+-------+-------+-------+-------++-------
  Melee: Dagger            |    25 |       |       |       ||    25
         Club              |     4 |       |       |       ||     4
         Tailslap          |    15 |    18 |    72 |    43 ||   148
         Short sword       |    27 |       |       |       ||    27
         Falchion          |    84 |   131 |   466 |   251 ||   932
         Punch             |       |     2 |     4 |     4 ||    10
 Invoke: Potion Petition   |       |       |     1 |       ||     1
Ability: Breathe Noxious F |       |       |    16 |     1 ||    17
  Evoke: Wand              |    16 |     9 |       |     4 ||    29
    Use: Scroll            |       |     4 |       |     1 ||     5
         Potion            |       |       |     9 |     2 ||    11
   Stab: Sleeping          |     5 |     3 |     2 |     1 ||    11
         Confused          |       |       |    12 |     2 ||    14
         Distracted        |       |       |     1 |     1 ||     2
         Paralysed         |       |       |       |     7 ||     7
 Armour: Skin              |    77 |    95 |   351 |   120 ||   643
  Dodge: Dodged            |   122 |   100 |   345 |   133 ||   700
